cohdb
Replays
Latest Replays
All Replays
Popular Replays
Top Player Replays
Match Explorer
How It Works
Community
CoH3 Stats
Reddit
Sign in to upload your games and track your stats! →
Sign in with Steam
Match 28508751
Unlisted
Match 28508751
Overview
Messages
Build Orders
End
Selects Italian Coastal Battlegroup
Selects Coastal Reserves
Coastal Reserve
Construct Infanterie Kompanie
Coastal Reserve
Coastal Reserve
Sniper
Selects Artillery Officer
Artillery Officer
Medical Bunker
Coastal Reserve
Selects Support Bunkers
Infanterie Officer Quarters
Construct Panzergrenadier Kompanie
MG 42 Bunker
Pak 40 Anti-tank Gun Team
Pak 40 Anti-tank Gun Team
Selects Coastal Wall
Construct Panzer Kompanie
Repair Bunker
Selects Designated Artillery Overwatch
Selects Bulwark
Panzer IV Medium Tank
Designated Artillery Overwatch
MG 42 Bunker
MG 42 Bunker
Panzer IV Medium Tank
iAinEng
39951000
hrwa
Akaxiya
Gesalzener Fisch
bizoulag
lishibo19
markl151967
0
0
Comments
sign in to comment!
No comments posted yet!